 Dungeon Crawl Stone Soup version 0.29.1-4-g47bece8355 (webtiles) character file.

Game seed: 7254568229922199887

199 mortz the Conjurer (level 5, -5/24 HPs)
             Began as a Spriggan Conjurer on Dec 2, 2022.
             Slain by a gnoll
             ... wielding a +0 spear
              (7 damage)
             ... on level 3 of the Dungeon.
             The game lasted 00:15:30 (4113 turns).

mortz the Conjurer (Spriggan Conjurer)              Turns: 4113, Time: 00:15:31

Health: -5/24      AC:  3    Str:  3    XL:     5   Next: 48%
Magic:  10/10      EV: 17    Int: 22    God:
Gold:   213        SH:  0    Dex: 13    Spells: 5/10 levels left

rFire   . . .      SeeInvis +   a - +0 dagger
rCold   . . .      Faith    .   (no shield)
rNeg    + . .      Spirit   .   j - +1 robe {rN+}
rPois   .          Reflect  .   (helmet restricted)
rElec   .          Harm     .   (no cloak)
rCorr   .          Rampage  .   (gloves unavailable)
Will    .....                   (boots unavailable)
Stlth   ++........              (no amulet)
HPRegen 0.08/turn               (no ring)
MPRegen 0.12/turn               (no ring)

@: very quick
A: very small, no large weapons, unfitting armour, see invisible, speed 3
a: no special abilities


You were on level 3 of the Dungeon.
You visited 1 branch of the dungeon, and saw 4 of its levels.

You collected 213 gold pieces.

Inventory:

Hand Weapons
 a - a +0 dagger (weapon)
 b - a +0 hand axe
 h - a +0 spear
Armour
 j - a +1 robe of positive energy (worn)
Scrolls
 e - a scroll of teleportation
Potions
 c - a potion of brilliance {unknown}
 d - a potion of magic
 f - a potion of cancellation {unknown}
 g - a potion of curing {unknown}
 i - a potion of lignification {unknown}


   Skills:
 - Level 2.6 Dodging
 - Level 3.0 Stealth
 + Level 3.2 Spellcasting
 + Level 4.8 Conjurations
 + Level 1.0 Summonings


You had 5 spell levels left.
You knew the following spells:

 Your Spells              Type           Power      Damage    Failure   Level
a - Magic Dart            Conj           100%       1d8       1%          1
b - Searing Ray           Conj           50%        2d6       2%          2
c - Shock                 Conj/Air       56%        1d6       4%          1
d - Summon Small Mammal   Summ           32%        N/A       8%          1

Your spell library contained the following spells:

 Spells                   Type           Power      Damage    Failure   Level
 Apportation              Tloc           6%         N/A       12%         1
 Necrotise                Necr           12%        1d4       12%         1
 Dazzling Flash           Conj/Hex       28%        N/A       13%         3
 Swiftness                Air            3%         N/A       36%         3
 Fulminant Prism          Conj/Hex       7%         3d7       41%         4
 Iskenderun's Mystic Bla  Conj/Tloc      14%        2d5       41%         4
 Airstrike                Air            1%         2d(1-17)  77%         4
 Cause Fear               Hex            1%         N/A       77%         4
 Dragon Form              Tmut           1%         N/A       100%        7
 Dragon's Call            Summ           4%         N/A       100%        9


Dungeon Overview and Level Annotations

Branches:
Dungeon (4/15) Zot: 20834
 Temple: D:4-7

Altars:

Shops:
D:2 *


Innate Abilities, Weirdness & Mutations

You are very small and have problems with some larger weapons.
You are too small for most types of armour.
You have supernaturally acute eyesight. (SInv)
You cover ground extremely quickly. (Speed+++)


Message History

The magic dart hits you.
* * * LOW HITPOINT WARNING * * *
The searing ray hits the orc wizard.
You kill the orc wizard!
Your Summonings skill increases to level 1!
Magic restored.
HP restored.
Done exploring.
Save game and exit?
Welcome back, mortz the Spriggan Conjurer.
Press ? for a list of commands and other information.
Done exploring.
There is a stone staircase leading down here.
You climb downwards.
Found a puce potion.
There is a stone staircase leading up here.
The helpless gnoll fails to defend itself.
You puncture the gnoll!
The gnoll is heavily wounded.
The gnoll closely misses you. The gnoll closely misses you.
The gnoll hits you with a +0 spear.
You climb upwards.
There is a stone staircase leading down here.
You hit the gnoll.
The gnoll is heavily wounded.
The gnoll barely misses you. The gnoll hits you with a +0 spear!
The gnoll hits you with a +0 spear.
You hit the gnoll.
The gnoll is severely wounded.
The gnoll hits you with a +0 club. The gnoll barely misses you.
You hit the gnoll but do no damage.
The gnoll is severely wounded.
The gnoll misses you. The gnoll barely misses you. The gnoll misses you.
You hit the gnoll.
The gnoll is almost dead.
The gnoll hits you with a +0 club.
* * * LOW HITPOINT WARNING * * *
The gnoll misses you. The gnoll completely misses you.
The gnoll barely misses you. The gnoll hits you with a +0 spear!
You die...

#.# #......... #.#
#.#......#
#.#######.#...##.#
#................#
##############....#.#..#
#...............#.#.#..#
#.#######....#.##.#.#..#
#.# #gg.##.#.#....#..#
#.# #@g....#.######...
#†########.............#
#.##.....#.#............
#.##.###.#.##.######...#
#.##.# #.#.##...# #...#
#.##.# #.#.####.## #...#
#######.##.# #.#.# #..#
#...# #.......##.# #.#.#
##÷###...# ##.####.##.#
#.#.#####.......#


You could see 3 gnolls.

Vanquished Creatures
  An orc priest (D:3)
  An orc wizard (D:3)
  4 gnolls (D:3)
  4 adders (D:2)
  A worm (D:2)
  4 orcs (D:3)
  6 ball pythons
  3 bats
  6 endoplasms
  2 giant cockroaches (D:1)
  7 goblins
  6 hobgoblins
  8 kobolds
  2 quokkas
  3 frilled lizards
  A rat (D:1)
59 creatures vanquished.

Notes
Turn   | Place    | Note
-------+----------+-------------------------------------------
     0 | D:1      | mortz the Spriggan Conjurer began the quest for the Orb.
     0 | D:1      | Reached XP level 1. HP: 9/9 MP: 5/5
    70 | D:1      | Reached skill level 3 in Conjurations
   350 | D:1      | Found a faded altar of an unknown god.
   554 | D:1      | Reached XP level 2. HP: 13/13 MP: 2/6
   850 | D:1      | Learned a level 2 spell: Searing Ray
  1307 | D:2      | Found Yteas's Assorted Antiques.
  1322 | D:2      | Reached XP level 3. HP: 16/16 MP: 5/8
  1585 | D:2      | Reached skill level 4 in Conjurations
  2014 | D:2      | Learned a level 1 spell: Shock
  2044 | D:2      | Reached XP level 4. HP: 21/21 MP: 6/9
  3086 | D:3      | Learned a level 1 spell: Summon Small Mammal
  3579 | D:3      | Reached XP level 5. HP: 24/24 MP: 6/10
  3856 | D:3      | Reached skill level 1 in Summonings
  4113 | D:3      | Slain by a gnoll

Illustrated notes

Levels and vault maps discovered:
D:1:      minmay_arrival_radiant_lines, layout_basic,
          ebering_ecumenical_altar_petrified
D:2:      layout_basic, serial_shops, nicolae_diamond_shop
D:3:      layout_basic
D:4:      layout_rooms, nicolae_elyvilon_peaceful_grove,
          amethyst_overflow_temple_binary, mainiacjoe_overflow_alcove_2,
          serial_bayou, serial_bayou_shore_a, serial_bayou_ford_a,
          serial_bayou_pond_c, serial_bayou_shore_b, serial_bayou_lagoon_a,
          serial_shops, nicolae_diamond_shop, minmay_statues_item, uniq_natasha,
          uniq_menkaure

Skill      XL: |  1  2  3  4  5 |
---------------+----------------+-----
Conjurations   | 3 4 |  4.8
Spellcasting   | 3 |  3.2
Summonings     | 1 |  1.0
Dodging        | |  2.6
Stealth        | |  3.0

Action                   |  1- 3 |  4- 6 || total
-------------------------+-------+-------++-------
Melee: Dagger            |     2 |     7 ||     9
 Cast: Magic Dart        |    68 |    31 ||    99
       Searing Ray       |     7 |    13 ||    20
  Use: Scroll            |       |     4 ||     4
 Stab: Sleeping          |     2 |     3 ||     5
Armor: Robe              |       |     2 ||     2
Dodge: Dodged            |     5 |    16 ||    21
